AoeStats
← sneakjacks0n

Arabia

509418636Analyzed
1v1 RM · 6d ago on Sep 26, 2026· 44m 6s· 2 players
Game mode
Random Map
Map size
Tiny (2 player)
Population
200
Speed
Normal
Resources
Standard
Victory
Conquest
Starting age
Dark Age
Ending age
Imperial Age
RankedLock teamsTeams togetherTeam positionsShared explorationLock speedFull tech treeHidden civsTurbo modeCheats
Victory
Defeat
🇺🇸 Armenians · United States
837
+17
🇪🇸 Italians · Spain
851
-17
sneakjacks0n
6:34 Loom
9:31 Feudal Age
10:15 Double-Bit Axe
10:22 Town Watch
11:16 Man-at-Arms
13:12 Long Swordsman
16:32 Scale Mail Armor
18:14 Arson
26:43 Fletching
30:13 Castle Age
29:44 Forging
31:49 Iron Casting
31:31 Chain Mail Armor
31:28 Squires
31:14 Gambesons
31:20 Two-Handed Swordsman
32:23 Bow Saw
32:05 Gold Mining
32:02 Horse Collar
34:52 Champion
35:47 Murder Holes
40:51 Iron Casting
Lober23
6:27 Loom
9:41 Feudal Age
10:07 Double-Bit Axe
22:14 Castle Age
21:41 Stone Mining
30:38 Bow Saw
32:27 Horse Collar
32:55 Town Watch
33:22 Fletching
33:32 Padded Archer Armor
35:01 Crossbowman
36:26 Thumb Ring
36:29 Murder Holes
37:32 Ballistics
37:47 Bodkin Arrow
38:08 Leather Archer Armor
38:40 Town Patrol
39:17 Wheelbarrow
Connection lost

Rejoining the realm…

Still unreachable

The connection could not be restored.

Session expired

The server has moved on; the page needs a fresh start.